 Dungeon Crawl Stone Soup version 0.27.1-2-g3b301248ec (webtiles) character file.

Game seed: 3490982681198098787

2881 ABBCCCDDDD the Fighter (level 9, -2/64 (66) HPs)
             Began as an Octopode Necromancer on Sept 23, 2021.
             Was an Initiate of Gozag.
             Slain by a wight (17 damage)
             ... on level 6 of the Dungeon.
             The game lasted 00:16:20 (9056 turns).

ABBCCCDDDD the Fighter (Octopode Necromancer)       Turns: 9056, Time: 00:16:21

HP:   -2/64 (66)    AC:  1    Str: 10    XL:     9   Next: 76%
MP:   12/12         EV: 13    Int: 26    God:    Gozag
Gold: 1073          SH:  0    Dex: 11    Spells: 5/12 levels left

rFire    . . .     SeeInvis .   u - +8 spear of Duty {vorpal, rElec rC++ Str+3 Dex-2}
rCold    + + .     Faith    .   (no shield)
rNeg     . . .     Spirit   .   (helmet restricted)
rPois    +         Reflect  .   (no amulet)
rElec    +         Harm     .   k - ring of willpower
rCorr    .         Rampage  .   p - +6 ring of intelligence
Will     +....                  w - ring of wizardry
Stlth    ++++......             y - ring of poison resistance
HPRegen  0.20/turn              (no ring)
MPRegen  0.13/turn              (no ring)
                                (no ring)
                                (no ring)

@: lightly drained
A: almost no armour, amphibious, 8 rings, camouflage 1, gelatinous body 1,
(nimble swimmer 1), tentacles
a: Renounce Religion, Potion Petition, Call Merchant, Bribe Branch


You were on level 6 of the Dungeon.
You worshipped Gozag.
Gozag was most pleased with you.
You visited 2 branches of the dungeon, and saw 8 of its levels.
You also visited: Bailey.

You collected 1601 gold pieces.
You paid 528 gold pieces to Gozag.

Inventory:

Hand Weapons
 b - a +0 flail of protection
 i - a +4 short sword
 q - a +0 dagger of venom
 u - the +8 spear of Duty (weapon) {vorpal, rElec rC++ Str+3 Dex-2}
   (You found it on level 4 of the Dungeon)

   It inflicts extra damage upon your enemies.
   Str:       It affects your strength (+3).
   Dex:       It affects your dexterity (-2).
   rC:        It greatly protects you from cold.
   rElec:     It insulates you from electricity.
Missiles
 c - 31 poisoned darts (quivered)
Jewellery
 k - a ring of willpower (left tentacle)
 p - a +6 ring of intelligence (right tentacle)
 w - a ring of wizardry (on tentacle)
 y - a ring of poison resistance (on tentacle)
 E - the ring of Sovereignty {Fly Will+++ rCorr Dex+4 Slay-6}
   (You found it in a bailey)

   [ring of flight]

   Dex:       It affects your dexterity (+4).
   Slay:      It affects your accuracy & damage with ranged weapons and melee
   (-6).
   Fly:       It grants you flight.
   rCorr:     It protects you from acid and corrosion.
   Will:      It greatly increases your willpower.
Wands
 f - a wand of paralysis (6)
 B - a wand of flame (25)
Scrolls
 d - 6 scrolls of teleportation {unknown}
 e - 4 scrolls of fear {unknown}
 h - 2 scrolls of noise {unknown}
 j - a scroll of amnesia {unknown}
 l - a scroll of enchant armour {unknown}
 s - 2 scrolls of identify {unknown}
 t - 2 scrolls of immolation {unknown}
 v - a scroll of enchant weapon {unknown}
 C - a scroll of fog {unknown}
 D - a scroll of silence {unknown}
 F - a scroll of blinking {unknown}
Potions
 a - 4 potions of heal wounds
 g - 2 potions of attraction {unknown}
 m - 3 potions of curing {unknown}
 n - 2 potions of lignification {unknown}
 o - 3 potions of cancellation {unknown}
 r - a potion of degeneration {unknown}
 x - a potion of mutation {unknown}
 z - a potion of flight {unknown}
 A - a potion of ambrosia {unknown}


   Skills:
 + Level 8.1 Fighting
 - Level 1.9 Short Blades
 - Level 4.0 Polearms
 - Level 2.0 Dodging
 - Level 5.0 Stealth
 - Level 1.6 Unarmed Combat
 + Level 2.3 Spellcasting
 - Level 4.0 Necromancy
 + Level 7.3 Poison Magic
 + Level 5.7 Evocations


You had 5 spell levels left.
You knew the following spells:

 Your Spells              Type           Power      Damage    Failure   Level
a - Pain                  Necr           92%        1d8       1%          1
b - Slow                  Hex            3%         N/A       6%          2
c - Olgreb's Toxic Radia  Pois           41%        N/A       1%          4

Your spell library contained the following spells:

 Spells                   Type           Power      Damage    Failure   Level
 Animate Skeleton         Necr           46%        N/A       1%          1
 Spider Form              Tmut/Pois      11%        N/A       2%          3
 Vampiric Draining        Necr           11%        2d7       2%          3
 Summon Small Mammal      Summ           12%        N/A       4%          1
 Ensorcelled Hibernation  Hex/Ice        6%         N/A       6%          2
 Animate Dead             Necr           11%        N/A       8%          4
 Call Canine Familiar     Summ           3%         N/A       12%         3
 Confusing Touch          Hex            3%         N/A       12%         3
 Summon Guardian Golem    Hex/Summ       3%         N/A       12%         3
 Agony                    Necr           23%        N/A       21%         5
 Shadow Creatures         Summ           N/A        N/A       99%         6
 Ozocubu's Refrigeration  Ice            1%         4d5       100%        7
 Ignition                 Fire           1%         3d3       100%        8


Dungeon Overview and Level Annotations

Branches:
Dungeon (7/15)             Temple (1/1) D:7          Bailey (visited)

Altars:
Ashenzari
Cheibriados
Dithmenos
Elyvilon
Fedhas
Gozag
Hepliaklqana
Kikubaaqudgha
Makhleb
Nemelex Xobeh
Qazlal
Ru
Sif Muna
Uskayaw
Vehumet
Xom
Yredelemnul
The Shining One

Shops:
D:1 [

Annotations:
D:4 1 runed translucent door, Crazy Yiuf


Innate Abilities, Weirdness & Mutations

You cannot wear most types of armour.
You are amphibious.
You can wear up to eight rings at the same time.
Your skin changes colour to match your surroundings (Stealth+).
Your rubbery body absorbs attacks. (AC +1, EV +1)
((You are camouflaged near water. (Stealth+)))
You have tentacles for arms and can constrict up to eight enemies at once.


Message History

You now have 1073 gold pieces (gained 6).
s - 2 scrolls labelled BAGIRA URAQEGGIH (gained 1)
A wight comes into view. It is wielding a +0 trident.
A bullfrog and a wight come into view.
Found 15 poisoned darts.
You reach to attack!
You barely miss the wight.
The wight hits you from afar with a +0 trident!
You feel drained.
You reach to attack!
You puncture the wight!
The wight is severely damaged.
The wight hits you from afar with a +0 trident!
You feel drained.
You reach to attack!
You hit the wight but do no damage.
The wight is severely damaged.
The wight hits you from afar with a +0 trident.
You reach to attack!
You barely miss the wight.
The wight is severely damaged.
The wight closely misses you. The bullfrog closely misses you.
You puncture the bullfrog! Your grab misses the bullfrog.
The bullfrog is heavily wounded.
The bullfrog closely misses you. The wight barely misses you.
You barely miss the bullfrog. Your grab misses the bullfrog.
You squeeze the bullfrog.
The bullfrog is severely wounded.
The bullfrog barely misses you. The wight barely misses you.
You closely miss the bullfrog. Your grab misses the bullfrog.
The bullfrog is severely wounded.
The bullfrog misses you. The bullfrog closely misses you.
The wight barely misses you. The wight closely misses you.
You hit the bullfrog.
You kill the bullfrog!
The wight misses you.
The wight hits you from afar with a +0 trident.
The wight hits you from afar with a +0 trident.
The wight hits you with a +4 long sword!
The wight hits you from afar with a +0 trident!
* * * LOW HITPOINT WARNING * * *
The wight hits you with a +4 long sword!
You die...
Your body crumbles into a pile of gold.

#..........#
#..........#
#..........#
##........##
##......####
##.#......########
#......z.........
###....z.######..
#.#...@....... #
#.....######..## #.
#......# #
.....########## #
.... ###8###8### .#
.....##8...8...8##.#
.....##.........##.#
.....#_.........>#.#
#!..###.........####


You could see 2 wights.

Levels and vault maps discovered:
D:1:      dpeg_arrival_ratfight, layout_rooms, serial_shops, nicolae_shop_trees,
          minivault_5
D:2:      layout_loops_ring
D:3:      layout_basic, serial_bayou_pond_b, uniq_sigmund
D:4:      layout_basic, mainiacjoe_overflow_alcove_4, fountainhead,
          grunt_ministairs_15, uniq_crazy_yiuf_cottage, uniq_pikel, uniq_edmund
D:5:      layout_cave_pools, amethyst_overflow_temple_binary, goddamned_bats
D:6:      layout_rooms, grunt_temple_overflow_bloody_war,
          nicolae_overflow_hidden_temple
D:7:      layout_loops_corners, minmay_temple_entry_stoned_glass, enter_bailey_2
Temple:   nicolae_temple_elliptical

Notes
Turn   | Place    | Note
-------+----------+-------------------------------------------
     0 | D:1      | ABBCCCDDDD the Octopode Necromancer began the quest for the
                  | Orb.
     0 | D:1      | Reached XP level 1. HP: 11/11 MP: 3/3
     6 | D:1      | Found Vueng's Armour Boutique.
   212 | D:1      | Reached XP level 2. HP: 16/18 MP: 0/5
   367 | D:1      | Reached skill level 1 in Fighting
   404 | D:1      | Reached skill level 1 in Unarmed Combat
   756 | D:1      | Reached XP level 3. HP: 10/23 MP: 6/6
  1924 | D:2      | Reached XP level 4. HP: 28/29 MP: 5/7
  2050 | D:2      | Reached skill level 2 in Fighting
  2597 | D:2      | Reached skill level 1 in Short Blades
  3069 | D:2      | Reached XP level 5. HP: 35/35 MP: 8/8
  3904 | D:4      | Reached skill level 5 in Stealth
  4144 | D:4      | Found a runed translucent door.
  4145 | D:4      | Noticed Crazy Yiuf
  4236 | D:4      | Identified the +8 spear of Duty {vorpal, rElec rC++ Str+3
                  | Dex-2}
  4263 | D:4      | Noticed Edmund
  4263 | D:4      | Noticed an ogre
  4366 | D:4      | Killed an ogre
  4367 | D:4      | Reached skill level 3 in Fighting
  4367 | D:4      | Reached skill level 1 in Polearms
  4367 | D:4      | Reached XP level 6. HP: 37/42 MP: 4/9
  4383 | D:4      | Killed Edmund
  4384 | D:4      | Reached skill level 4 in Fighting
  4543 | D:4      | Noticed Pikel
  4594 | D:4      | Killed Pikel
  4595 | D:4      | Reached skill level 5 in Fighting
  4595 | D:4      | Reached XP level 7. HP: 51/51 MP: 10/10
  4729 | D:4      | Found a snail-covered altar of Cheibriados.
  5462 | D:3      | Reached skill level 6 in Fighting
  5479 | D:3      | Noticed Sigmund
  5488 | D:3      | Killed Sigmund
  5489 | D:3      | Reached XP level 8. HP: 36/58 MP: 11/11
  5824 | D:5      | Entered Level 5 of the Dungeon
  5839 | D:5      | Found the +7 mace of Variability {chain chaos}
  6006 | D:5      | Learned a level 2 spell: Slow
  6011 | D:5      | Learned a level 4 spell: Olgreb's Toxic Radiance
  6061 | D:5      | Reached skill level 7 in Fighting
  6061 | D:5      | Reached skill level 1 in Poison Magic
  6489 | D:5      | You fall into a shaft and drop 1 floor!
  6489 | D:6      | Found a hide-covered altar of Uskayaw.
  6850 | D:7      | Found a flagged portal.
  6860 | D:7      | Reached skill level 1 in Evocations
  6866 | Bailey   | Entered a bailey
  6932 | Bailey   | Identified the ring of Sovereignty {Fly Will+++ rCorr Dex+4
                  | Slay-6}
  6960 | Bailey   | Reached skill level 8 in Fighting
  6960 | Bailey   | Reached XP level 9. HP: 49/66 MP: 12/12
  7047 | Bailey   | Reached skill level 5 in Poison Magic
  7883 | D:7      | Found a staircase to the Ecumenical Temple.
  7894 | D:7      | Reached skill level 5 in Evocations
  7907 | Temple   | Entered the Ecumenical Temple
  8061 | Temple   | Became a worshipper of Gozag Ym Sagoz the Greedy
  9056 | D:6      | Slain by a wight

Table legend: (Time is in decaauts)
 A = Elapsed time spent in this place.
 B = Non-inter-level travel time spent in this place.
 C = Inter-level travel time spent in this place.
 D = Time resting spent in this place.
 E = Time spent auto-exploring this place.
 F = Levels seen in this place.
 G = Mean time per level.
                   A        B        C        D        E       F      G
               +--------+--------+--------+--------+--------+-----+--------+
         Total |   9043 |   8628 |    415 |   2801 |   3983 |   9 | 1004.8 |
       Dungeon |   7809 |   7436 |    373 |   2312 |   3646 |   7 | 1115.6 |
        Temple |    252 |    210 |     42 |      0 |    194 |   1 |  252.0 |
        Bailey |    980 |    980 |      0 |    489 |    143 |   1 |  980.0 |
               +--------+--------+--------+--------+--------+-----+--------+

Top non-repeatable levels by time:
     D:4: 1768 daAuts
     D:2: 1740 daAuts
     D:1: 1370 daAuts
     D:7: 1251 daAuts
     D:3: 1061 daAuts
  Bailey: 980 daAuts
     D:5: 548 daAuts
  Temple: 252 daAuts
     D:6: 68 daAuts

Table legend:
 A = Kills in this place as a percentage of kills in entire the game.
 B = Kills by you in this place as a percentage of kills by you in the entire game.
 C = Kills by friends in this place as a percentage of kills by friends in the entire game.
 D = Other kills in this place as a percentage of other kills in the entire game.
 E = Experience gained in this place as a percentage of experience gained in the entire game.
 F = Experience gained in this place divided by the number of levels of this place that you have seen.
                   A       B       C       D       E      F
               +-------+-------+-------+-------+-------+----------------------
         Total | 100.0 | 100.0 |   N/A |   N/A | 100.0 | 457.4
       Dungeon |  81.8 |  81.8 |   N/A |   N/A |  70.2 | 413.1
        Bailey |  18.2 |  18.2 |   N/A |   N/A |  29.8 | 1225.0
               +-------+-------+-------+-------+-------+----------------------

Action                   |  1- 3 |  4- 6 |  7- 9 || total
-------------------------+-------+-------+-------++-------
Melee: Unarmed           |     9 |       |       ||     9
       Tentacles         |     7 |     7 |    12 ||    26
       Constrict         |    15 |    22 |    19 ||    56
       Dagger            |    50 |       |       ||    50
       War axe           |     4 |       |       ||     4
       Short sword       |    12 |    77 |       ||    89
       Punch             |     1 |       |     2 ||     3
       Spear             |       |    49 |   201 ||   250
Throw: Dart              |       |       |    35 ||    35
 Cast: Pain              |    23 |    10 |       ||    33
 Stab: Sleeping          |     5 |    13 |     6 ||    24
       Distracted        |     1 |       |     1 ||     2
Armor: Skin              |     3 |     1 |     6 ||    10
Dodge: Dodged            |    62 |    38 |    59 ||   159

Vanquished Creatures
  Pikel (D:4)
  Sigmund (D:3)
  Edmund (D:4)
  2 water moccasins (D:7)
  9 orc warriors (Bailey)
  2 ogres
  2 centaurs
  A phantom (D:7)
  2 bullfrogs
  A scorpion (D:7)
  A water moccasin skeleton (D:5)
  3 wights (D:7)
  A jelly (D:7)
  A bullfrog skeleton (D:5)
  An orc priest (D:2)
  2 iguanas
  An orc wizard (D:7)
  A howler monkey skeleton (D:7)
  A gnoll (Bailey)
  7 adders
  An ufetubus (D:7)
  An adder zombie (D:5)
  4 adder skeletons (D:4)
  3 worms
  3 dart slugs
  10 orcs
  11 ball pythons
  7 bats
  5 endoplasms
  4 giant cockroaches
  9 goblins
  8 hobgoblins
  9 jackals
  3 quokkas
  A frilled lizard (D:2)
  19 kobolds
  9 rats
148 creatures vanquished.

Vanquished Creatures (others)
  3 plants (D:3)
3 creatures vanquished.

Grand Total: 151 creatures vanquished
